AoeStats
← WINNER

Arena

508886637Analyzed
4v4 RM · 9d ago on Sep 24, 2026· 36m 12s· 8 players
Game mode
Random Map
Map size
Large (8 player)
Population
200
Speed
Normal
Resources
Standard
Victory
Conquest
Starting age
Dark Age
Ending age
Imperial Age
RankedLock teamsTeams togetherTeam positionsShared explorationLock speedFull tech treeHidden civsTurbo modeCheats
Victory
Defeat
🇨🇳 Hindustanis · China
1073
+15
🇨🇳 Varangians · China
1066
+15
🇪🇸 Franks · Spain
1049
+16
🇬🇧 Danes · United Kingdom
1030
+17
🇭🇰 Saxons · Hong Kong SAR China
1119
-18
🇭🇰 Turks · Hong Kong SAR China
1106
-18
🇭🇰 Japanese · Hong Kong SAR China
1076
-17
🇭🇰 Danes · Hong Kong SAR China
890
-10
AM830 MK
10:49 Feudal Age
15:10 Castle Age
13:54 Double-Bit Axe
13:56 Horse Collar
25:41 Fletching
25:52 Padded Archer Armor
26:40 Thumb Ring
30:33 Wheelbarrow
32:11 Bodkin Arrow
32:31 Leather Archer Armor
32:41 Ballistics
32:02 Treadmill Crane
35:28 Imperial Age
33:01 Pikeman
33:42 Squires
35:47 Masonry
ArTung
0:25 Loom
11:38 Feudal Age
13:45 Double-Bit Axe
16:41 Castle Age
14:53 Horse Collar
15:08 Gold Mining
18:31 Wheelbarrow
18:16 Bow Saw
18:44 Town Watch
27:33 Imperial Age
25:53 Fletching
27:04 Town Watch
30:30 Stone Mining
34:12 Artillery
35:25 Hand Cart
cancelrebook
8:47 Loom
11:08 Feudal Age
14:07 Double-Bit Axe
17:00 Castle Age
15:22 Horse Collar
16:07 Gold Mining
20:08 Bow Saw
20:06 Town Watch
24:54 Wheelbarrow
25:13 Fortified Wall
25:49 Heavy Plow
27:15 Stone Mining
28:41 Treadmill Crane
30:12 Hand Cart
32:33 Imperial Age
30:05 Fletching
31:53 Ballistics
32:01 Hand Cart
31:50 Bodkin Arrow
31:56 Padded Archer Armor
33:35 Conscription
34:36 Masonry
34:23 Cranequins
35:03 Gambesons
35:18 Squires
AYCY0706
1:11 Loom
11:50 Feudal Age
16:41 Castle Age
16:20 Double-Bit Axe
18:47 Horse Collar
19:53 Bow Saw
23:02 Heavy Plow
27:48 Wheelbarrow
30:13 Imperial Age
28:21 Scale Mail Armor
29:47 Ballistics
32:20 Elite Varangian Guard
33:29 Hand Cart
34:20 Northmen's Fury
35:26 Conscription
WINNER
10:16 Feudal Age
9:45 Loom
15:09 Castle Age
13:00 Horse Collar
13:25 Double-Bit Axe
21:50 Gold Mining
22:40 Bow Saw
24:42 Wheelbarrow
25:17 Gold Shaft Mining
27:48 Heavy Plow
31:38 Imperial Age
30:10 Husbandry
30:57 Hand Cart
31:00 Bloodlines
31:35 Scale Barding Armor
31:41 Forging
34:30 Two-Man Saw
32:55 Heavy Camel Rider
35:34 Chain Barding Armor
35:49 Iron Casting
35:21 Imperial Camel Rider
Wurst Käse Scenario
11:32 Feudal Age
15:46 Castle Age
13:58 Scale Mail Armor
14:15 Forging
13:53 Horse Collar
14:17 Arson
14:39 Scale Mail Armor
16:52 Squires
17:46 Chain Mail Armor
22:34 Heavy Plow
25:09 Iron Casting
25:20 Loom
31:42 Imperial Age
kkols
10:05 Feudal Age
14:05 Castle Age
13:39 Double-Bit Axe
15:36 Bow Saw
17:27 Loom
25:07 Wheelbarrow
26:00 Scale Barding Armor
26:35 Horse Collar
32:39 Imperial Age
30:43 Forging
33:13 Chain Barding Armor
Marttexx
10:09 Feudal Age
10:45 Double-Bit Axe
14:49 Castle Age
19:15 Bow Saw
19:27 Gold Mining
22:27 Wheelbarrow
23:49 Hand Cart
25:49 Scale Barding Armor
25:55 Forging
27:05 Gold Shaft Mining
26:20 Stone Mining
26:32 Pikeman
29:55 Imperial Age
28:15 Scale Barding Armor
30:02 Cavalier
31:12 Chain Barding Armor
31:02 Forging
32:06 Conscription
32:29 Plate Barding Armor
32:26 Chivalry
33:12 Husbandry
32:34 Paladin
35:47 Iron Casting
37:38 Chemistry
36:59 Ballistics
36:49 Siege Engineers
Connection lost

Rejoining the realm…

Still unreachable

The connection could not be restored.

Session expired

The server has moved on; the page needs a fresh start.